Map: Ulrena

Players

Bucket

  • Race: Protoss Protoss
  • League: Diamond

SinofSloth - Winner!

  • Race: Terran Terran
  • League: Platinum

VOD

Have the link to the VOD?

Description

Time

  • Played on: Nov. 25, 2015, 7:36 a.m.
  • Length: 5:30
Show
View Real Time Build Order
Export as new Build Order

Bucket Protoss 

Build Orders: Oracle Opening, Phoenix Opening 

Get SALT Encoding   

  12  0:01  Probe (Chrono Boost)  
  13  0:11  Probe (Chrono Boost)  
  14  0:17  Pylon  
  14  0:22  Probe (Chrono Boost)  
  16  0:35  Probe (Chrono Boost)  
  16  0:37  Gateway  
  16  0:42  Assimilator  
  16  0:46  Probe (Chrono Boost)  
  17  0:57  Probe (Chrono Boost)  
  18  1:07  Probe (Chrono Boost)  
  19  1:12  Assimilator  
  19  1:15  Pylon  
  19  1:21  Pylon  
  19  1:28  Cybernetics Core  
  19  1:30  Probe (Chrono Boost)  
  20  1:43  Probe (Chrono Boost)  
  21  1:54  Probe (Chrono Boost)  
  22  2:04  Stalker, Probe (Chrono Boost), Warp Gate  
  25  2:14  Stargate  
  25  2:33  Mothership Core (Chrono Boost)  
  27  2:43  Nexus  
  27  2:53  Probe (Chrono Boost)  
  28  2:58  Oracle (Chrono Boost)  
  31  3:06  Pylon  
  31  3:15  Pylon  
  31  3:19  Gateway  
  31  3:24  Probe  
  31  3:25  Gateway  
  32  3:37  Probe  
  33  3:49  Probe  
  33  3:55  Probe, Phoenix (Chrono Boost)  
  33  3:59  Robotics Facility  
  33  4:01  Probe  
  35  4:05  Probe  
  36  4:13  Probe  
  36  4:15  Pylon  
  37  4:31  Stalker  
  37  4:32  Stalker x2  
  43  4:43  Pylon  
  45  5:02  Pylon  
  45  5:03  Pylon  
Show
View Real Time Build Order
Export as new Build Order

SinofSloth Terran - Winner!

Build Orders: 1/1/1 

Get SALT Encoding   

  12  0:01  SCV  
  13  0:13  SCV  
  14  0:17  Supply Depot  
  14  0:25  SCV  
  15  0:32  Refinery  
  15  0:42  Barracks  
  15  0:44  SCV  
  16  0:51  Refinery  
  16  0:57  SCV  
  17  1:09  SCV  
  19  1:32  Factory  
  20  1:35  Reaper, Orbital Command  
  19  1:48  Supply Depot  
  19  2:01  SCV  
  19  2:07  Barracks Reactor  
  20  2:16  SCV  
  20  2:17  Factory Tech Lab, Starport  
  21  2:28  SCV  
  22  2:36  Siege Tank  
  25  2:43  Marine x2  
  27  2:54  Viking  
  27  2:57  Supply Depot  
  29  3:05  Marine x2  
  31  3:09  Siege Tank  
  34  3:22  Marine  
  34  3:23  Marine  
  34  3:26  Starport Tech Lab  
  36  3:40  Marine x2  
  36  3:41  Siege Tank  
  41  3:52  Banshee  
  44  4:01  Marine x2  
  46  4:06  Supply Depot  
  46  4:18  Siege Tank  
  48  4:35  Marine x2  
  48  4:36  Banshee  
  53  4:55  Marine x2  
  55  5:00  Supply Depot  
Tags
 
Add a new tag
Caveats
  • Supply blocks, unpowered buildings, or Contaminate may cause inaccurate times.
  • Supply counts are checked every 10 seconds.